 Seeded DCSS version 0.30.1-6-gbe392663c4 (webtiles) character file.

Game seed: 15265865335305158418 (custom seed)

1203 Psyclone the Covert (level 8, -2/36 HPs)
             Began as a Spriggan Enchanter on Sept 20, 2023.
             Was an Initiate of Gozag.
             Slain by a mummy (9 damage)
             ... in an ossuary on Sept 21, 2023.
             The game lasted 00:23:51 (5112 turns).

Psyclone the Covert (Spriggan Enchanter)            Turns: 5112, Time: 00:23:51

Health: -2/36      AC:  2    Str: 10    XL:     8   Next: 21%
Magic:  13/13      EV: 17    Int: 18    God:    Gozag
Gold:   764        SH:  0    Dex: 16    Spells: 10/12 levels left

rFire   . . .        a - +1 dagger
rCold   . . .        (no shield)
rNeg    . . .        s - +0 robe
rPois   .            (helmet restricted)
rElec   +            (no cloak)
rCorr   +            (gloves unavailable)
SInv    +            (boots unavailable)
Will    +....        (no amulet)
Stlth   ++++         k - ring of the Tarantula {rElec rCorr Str+6 Slay+2}
HPRegen 0.26/turn    (no ring)
MPRegen 0.13/turn

%: no passive effects
@: gold aura, very quick
A: very small, no large weapons, unfitting armour, see invisible, speed 3
a: Renounce Religion, Potion Petition, Call Merchant, Bribe Branch


You were in an ossuary.
You worshipped Gozag.
Gozag was pleased with you.
You visited 1 branch of the dungeon, and saw 5 of its levels.
You also visited: Sewer and Ossuary.

You collected 796 gold pieces.
You paid 32 gold pieces to Gozag.

Inventory:

Hand Weapons
 a - a +1 dagger (weapon)
Armour
 s - a +0 robe (worn)
Magical Staves
 b - a staff of cold
Jewellery
 k - the ring of the Tarantula (left hand) {rElec rCorr Str+6 Slay+2}
   (You acquired it on level 1 of the Dungeon)

   [ring of strength]

   Str:       It affects your strength (+6).
   Slay:      It affects your accuracy & damage with ranged weapons and melee
   (+2).
   rElec:     It insulates you from electricity.
   rCorr:     It protects you from acid and corrosion.
Wands
 r - a wand of quicksilver (3)
Scrolls
 e - 4 scrolls of blinking {unknown}
 g - 3 scrolls of vulnerability {unknown}
 h - 2 scrolls of teleportation {unknown}
 i - a scroll of enchant weapon {unknown}
 m - 2 scrolls of enchant armour {unknown}
 n - 6 scrolls of identify {unknown}
 p - a scroll of amnesia
 v - 2 scrolls of fear {unknown}
 x - a scroll of torment {unknown}
Potions
 c - 3 potions of invisibility
 d - a potion of curing {unknown}
 f - a potion of berserk rage {unknown}
 j - a potion of brilliance {unknown}
 l - 2 potions of degeneration {unknown}
 o - a potion of lignification {unknown}
 q - 2 potions of might {unknown}
 t - 2 potions of heal wounds {unknown}
 u - a potion of mutation {unknown}
 w - a potion of resistance {unknown}
 z - a potion of flight {unknown}


   Skills:
 - Level 4.8 Short Blades
 - Level 2.6 Dodging
 - Level 9.0 Stealth
 - Level 2.6 Spellcasting
 + Level 6.4 Hexes
 * Level 4.5 Ice Magic


You had 10 spell levels left.
You knew the following spells:

 Your Spells              Type           Power      Damage    Failure   Level
a - Ensorcelled Hibernat  Hex/Ice        44%        N/A       2%          2

Your spell library contained the following spells:

 Spells                   Type           Power      Damage    Failure   Level
 Confusing Touch          Hex            25%        N/A       3%          3
 Tukima's Dance           Hex            25%        N/A       3%          3
 Dazzling Flash           Conj/Hex       28%        N/A       14%         3
 Sandblast                Erth           4%         2d4       17%         1
 Lesser Beckoning         Tloc           4%         N/A       26%         2
 Passwall                 Tmut/Erth      1%         N/A       26%         2
 Gell's Gravitas          Tloc           2%         N/A       45%         3
 Stone Arrow              Conj/Erth      4%         3d7       45%         3
 Teleport Other           Tloc           2%         N/A       45%         3
 Dispersal                Tloc           1%         N/A       100%        6


Dungeon Overview and Level Annotations

Branches:
Dungeon (5/15) Zot: 26716  Temple (0/1) D:5           Sewer (visited)
Ossuary (1/1) Zot: 5977

Altars:
Elyvilon
Fedhas
Gozag
Zin


Innate Abilities, Weirdness & Mutations

You are very small and have problems with some larger weapons.
You are too small for most types of armour.
You have supernaturally acute eyesight. (SInv)
You cover ground extremely quickly. (Speed+++)


Message History

The mummy is heavily damaged.
You barely miss the mummy.
The mummy is heavily damaged.
A mummy comes into view.
You hit the mummy.
The mummy is lightly damaged.
Casting: Ensorcelled Hibernation (safe; 2% risk of failure)
Confirm with . or Enter, or press ? or * to list all spells.
You can't see any susceptible monsters within range! (Use Z to cast anyway.)
You hit the mummy.
The mummy is heavily damaged.
The mummy barely misses you. The mummy hits you.
You take 6 damage, and have 30/36 hp.
You completely miss the mummy.
The mummy is heavily damaged.
You hit the mummy but do no damage.
The mummy is heavily damaged.
The mummy closely misses you. The mummy completely misses you.
You hit the mummy.
The mummy is heavily damaged.
You hit the mummy.
The mummy is severely damaged.
The mummy hits you!!
Ouch! That really hurt!
The mummy hits you.
* * * LOW HITPOINT WARNING * * *
You take 24 damage, and have 7/36 hp.
MASSIVE DAMAGE!!
Okay, then.
Aiming: Quicksilver Bolt
Press: ? - help, Shift-Dir - straight line, f - mummy
Aim: a mummy (lightly damaged, 86% to hit)
The bolt of dispelling energy hits the mummy!
You destroy the mummy!
Aiming: Quicksilver Bolt
Press: ? - help, Shift-Dir - straight line, f - mummy
Aim: a mummy (severely damaged, 86% to hit)
The bolt of dispelling energy misses the mummy.
The mummy hits you!
You die...
Your body crumbles into a pile of gold.

#####
#..∩#
#.∩.#
#@M.#
##$##
....
#'#+#.~
#M ~P~
## ~~ ≈


You could see a mummy.

Vanquished Creatures
  Grinder (D:3)
  An ogre (D:5)
  A kobold brigand (Sewer)
  3 scorpions (D:5)
  A howler monkey (D:4)
  2 hounds
  A jelly (D:5)
  A sleepcap (D:5)
  Natasha (thrice) (D:3)
  6 iguanas
  A mummy (Ossuary)
  11 adders
  8 river rats
  A worm (D:2)
  3 dart slugs
  2 orcs
  14 ball pythons
  5 bats
  8 endoplasms
  2 giant cockroaches (D:2)
  9 hobgoblins
  2 jackals (Sewer)
  10 kobolds
  3 quokkas
  3 frilled lizards
  10 rats
112 creatures vanquished.

Notes
Turn   | Place    | Note
-------+----------+-------------------------------------------
     0 | D:1      | Psyclone the Spriggan Enchanter began the quest for the
                  | Orb.
     0 | D:1      | Reached XP level 1. HP: 9/9 MP: 5/5
   101 | D:1      | Reached skill level 5 in Stealth
   160 | D:1      | Reached XP level 2. HP: 13/13 MP: 6/6
   418 | D:1      | Learned a level 2 spell: Ensorcelled Hibernation
   541 | D:1      | Reached skill level 6 in Stealth
   848 | D:1      | Identified a scroll of acquirement
   848 | D:1      | Acquired the ring of the Tarantula {rElec rCorr Str+6
                  | Slay+2}
   907 | D:2      | Reached XP level 3. HP: 16/16 MP: 8/8
  1088 | D:2      | Reached skill level 7 in Stealth
  1647 | D:3      | Found an opulent altar of Gozag.
  1673 | D:3      | Became a worshipper of Gozag Ym Sagoz the Greedy
  1785 | D:3      | Reached XP level 4. HP: 17/21 MP: 9/9
  1882 | D:3      | Found a blossoming altar of Fedhas.
  2053 | D:3      | Found a white marble altar of Elyvilon.
  2062 | D:3      | Noticed Natasha
  2069 | D:3      | Killed Natasha
  2391 | D:3      | Noticed Grinder
  2396 | D:3      | Paralysed by Grinder for 2 turns
  2406 | D:3      | Paralysed by Grinder for 5 turns
  2419 | D:3      | Killed Grinder
  2420 | D:3      | Reached skill level 8 in Stealth
  2420 | D:3      | Reached XP level 5. HP: 6/24 MP: 10/10
  2420 | D:3      | Reached XP level 6. HP: 7/28 MP: 11/11
  2570 | D:3      | Found a faded altar of an unknown god.
  2696 | D:3      | Noticed Natasha
  2704 | D:3      | Killed Natasha
  2730 | D:3      | Noticed Natasha
  2750 | D:3      | Killed Natasha
  2751 | D:3      | Reached skill level 9 in Stealth
  2987 | D:4      | Reached skill level 1 in Ice Magic
  3097 | D:4      | Found a glowing drain.
  3165 | Sewer    | Entered a sewer
  3297 | Sewer    | Reached XP level 7. HP: 6/32 MP: 1/12
  3935 | Sewer    | Reached skill level 5 in Hexes
  4346 | D:4      | Found a glowing silver altar of Zin.
  4347 | D:4      | Noticed an angel
  4654 | D:5      | Entered Level 5 of the Dungeon
  4835 | D:5      | Found a staircase to the Ecumenical Temple.
  4870 | D:5      | Reached XP level 8. HP: 35/36 MP: 7/13
  5051 | D:5      | Found a sand-covered staircase.
  5087 | Ossuary  | Entered an ossuary
  5112 | Ossuary  | Slain by a mummy

Illustrated notes

Levels and vault maps discovered:
D:1:      minmay_arrival_four_loops, layout_basic, chequers_serial_rivers_marsh,
          minivault_4
D:2:      layout_basic
D:3:      layout_loops_cross, marbit_many_paths, elyvilon_altar_1,
          grunt_gozag_statues, shapermc_ecumenical_altar_mp_vishouse,
          kennysheep_cross_room, corexii_hall_statues_i, uniq_natasha,
          uniq_grinder
D:4:      layout_rooms, zin_angel, lightli_sewer_entry_pipes, hex_medium,
          minmay_fractal_squares_gapless_5
D:5:      layout_loops_ring, minmay_temple_entry_mist,
          chequers_ossuary_entry_cave
Ossuary:  ossuary_zaba_flooded

Skill      XL: |  1  2  3  4  5  6  7 |
---------------+----------------------+-----
Stealth        | 5 6 7 8 9 |  9.0
Short Blades   | 4 |  4.8
Hexes          | 4 6 |  6.4
Ice Magic      | 1 4 |  4.5
Dodging        | |  2.6
Spellcasting   | |  2.6

Action                     |  1- 3 |  4- 6 |  7- 9 || total
---------------------------+-------+-------+-------++-------
  Melee: Dagger            |    99 |   111 |   121 ||   331
         Punch             |       |     1 |     1 ||     2
         Staff             |       |       |     3 ||     3
   Cast: Ensorcelled Hiber |       |    22 |    29 ||    51
  Evoke: Wand              |       |     2 |     3 ||     5
    Use: Scroll            |     3 |       |       ||     3
         Potion            |       |     1 |       ||     1
   Stab: Sleeping          |    16 |    20 |    29 ||    65
         Distracted        |     1 |     1 |       ||     2
         Invisible         |       |     2 |       ||     2
 Armour: Robe              |     8 |     6 |     9 ||    23
  Dodge: Dodged            |    65 |    65 |    49 ||   179
